 Dungeon Crawl Stone Soup version 0.29-a0-1039-gfc20370e89 (webtiles) character file.

Game seed: 5030188535369205555

87 BritishOli the Trooper (level 4, -2/36 HPs)
             Began as a Demonspawn Fighter on Aug 15, 2022.
             Slain by a shadow imp (3 damage)
             ... summoned by Natasha
             ... on level 3 of the Dungeon.
             The game lasted 00:01:43 (2471 turns).

BritishOli the Trooper (Demonspawn Fighter)         Turns: 2471, Time: 00:01:44

Health: -2/36      AC:  6    Str: 19    XL:     4   Next: 28%
Magic:  4/4        EV:  9    Int:  9    God:
Gold:   139        SH:  4    Dex: 12    Spells: 3/3 levels left

rFire   . . .      SeeInvis .   a - +0 long sword
rCold   . . .      Faith    .   c - +0 buckler
rNeg    . . .      Spirit   .   b - +0 scale mail
rPois   .          Reflect  .   (helmet restricted)
rElec   .          Harm     .   (no cloak)
rCorr   .          Rampage  .   (no gloves)
Will    .....                   (no boots)
Stlth   ..........              (no amulet)
HPRegen 0.12/turn               (no ring)
MPRegen 0.09/turn               (no ring)

@: no status effects
A: antennae 1, weakness stinger 1
a: no special abilities


You were on level 3 of the Dungeon.
You visited 1 branch of the dungeon, and saw 3 of its levels.

You collected 139 gold pieces.

Inventory:

Hand Weapons
 a - a +0 long sword (weapon)
Armour
 b - a +0 scale mail (worn)
 c - a +0 buckler (worn)
Jewellery
 j - a +6 ring of strength
Scrolls
 e - 4 scrolls of identify {unknown}
 k - a scroll of vulnerability {unknown}
 l - a scroll of immolation {unknown}
 n - 3 scrolls of teleportation {unknown}
 o - a scroll of poison {unknown}
Potions
 d - 3 potions of might
 f - a potion of curing {unknown}
 g - a potion of brilliance {unknown}
 h - a potion of degeneration {unknown}
 i - a potion of cancellation {unknown}
 m - a potion of mutation {unknown}


   Skills:
 + Level 3.6 Fighting
 + Level 2.5 Long Blades
 + Level 3.2 Armour
 + Level 3.3 Shields


You had 3 spell levels left.
You didn't know any spells.
Your spell library contained the following spells:

 Spells                   Type           Power      Damage    Failure   Level
 Passwall                 Tmut/Erth      0%         N/A       94%         2
 Mephitic Cloud           Conj/Pois/Air  0%         N/A       99%         3
 Iron Shot                Conj/Erth      0%         9d1       100%        6


Dungeon Overview and Level Annotations

Branches:
Dungeon (3/15)

Altars:

Annotations:
D:3 Natasha


Innate Abilities, Weirdness & Mutations

You have a pair of small antennae on your head.
You have a small tail.


Message History

Natasha mumbles some strange words.
The ball python barely misses you. The ball python constricts you.
You escape the ball python's grasp.
The bat hits you but does no damage.
Natasha wildly gestures.
You feel disoriented. The adder bites you. The bat hits you but does no damage.
The bat barely misses you. You block the adder's attack.
The hobgoblin attacks as you move away!
The hobgoblin hits you but does no damage.
Natasha mumbles some strange words.
The bat closely misses you. The bat attacks as you move away!
The bat hits you but does no damage. x2
The adder completely misses you.
Natasha mumbles some strange words.
Natasha glows brightly for a moment.
The adder barely misses you. The bat hits you but does no damage.
You slash the bat!
You kill the bat!
The adder bites you but does no damage.
You completely miss the adder. The adder bites you but does no damage.
You block the adder's attack.
You slash the adder! You tail-slap the adder.
The adder is almost dead.
The adder bites you but does no damage.
You slash the adder!
You kill the adder!
The shadow imp gestures at you. Pain shoots through your body!
* * * LOW HITPOINT WARNING * * *
The ball python bites you.
* * * LOW HITPOINT WARNING * * *
The ball python closely misses you. The shadow imp hits you.
* * * LOW HITPOINT WARNING * * *
You closely miss the ball python.
Your tail-slap misses the ball python.
The ball python bites you.
* * * LOW HITPOINT WARNING * * *
The ball python barely misses you. The shadow imp hits you.
You die...

...............
#............
..##..........#
.............#
###.........#
#...<..g....#
#....{rg5..##
#..#g##S####
#....##@#
.......5.#
.......####
........#
........#
.[.....# .


You could see an iron imp (summoned), a shadow imp (summoned), a hobgoblin, a
goblin, a ball python and a rat.

Vanquished Creatures
  3 adders
  A worm (D:2)
  5 orcs (D:2)
  5 ball pythons
  7 bats
  6 endoplasms
  2 giant cockroaches (D:1)
  6 goblins
  A hobgoblin (D:1)
  2 quokkas (D:2)
  2 frilled lizards (D:1)
  4 kobolds
  6 rats
50 creatures vanquished.

Notes
Turn   | Place    | Note
-------+----------+-------------------------------------------
     0 | D:1      | BritishOli the Demonspawn Fighter began the quest for the
                  | Orb.
     0 | D:1      | Reached XP level 1. HP: 18/18 MP: 1/1
   334 | D:1      | Discovered your monstrous ancestry.
   334 | D:1      | Gained mutation: You have a small tail. [demonic ancestry]
   334 | D:1      | Reached XP level 2. HP: 18/24 MP: 2/2
   513 | D:1      | Got Tuh Kaut's Catalogue of Terra Firma and Poison
  1397 | D:2      | Gained mutation: You have a pair of small antennae on your
                  | head. [demonic ancestry]
  1397 | D:2      | Reached XP level 3. HP: 21/29 MP: 3/3
  1570 | D:2      | Found a faded altar of an unknown god.
  2007 | D:2      | Reached XP level 4. HP: 21/35 MP: 4/4
  2454 | D:3      | Noticed Natasha
  2471 | D:3      | HP: 1/36 [ball python (1)]
  2471 | D:3      | Slain by a shadow imp

Illustrated notes

Levels and vault maps discovered:
D:1:      erik_arrival_orb_chamber, layout_basic, serial_rivers,
          chequers_serial_rivers_micro_e, chequers_serial_rivers_micro_a,
          chequers_serial_rivers_room_b, chequers_serial_rivers_micro_a,
          chequers_serial_rivers_small_b, corexii_item_surrounded_by_moat,
          hangedman_decor_riveting, chequers_garden
D:2:      layout_basic, dreamdust_ecumenical_altar_statues
D:3:      layout_basic, minmay_overflow_temple_star_quad,
          biasface_ghost_orc_armoury, uniq_natasha

Skill      XL: |  1  2 |
---------------+-------+-----
Long Blades    | 2 |  2.5
Armour         | 3 |  3.2
Shields        | 3 |  3.3
Fighting       | |  3.6

Action                   |  1- 3 |  4- 6 || total
-------------------------+-------+-------++-------
Melee: Long sword        |   118 |    24 ||   142
       Tailslap          |    11 |     4 ||    15
Armor: Scale mail        |    66 |    33 ||    99
Dodge: Dodged            |    40 |    23 ||    63
Block: Buckler           |    22 |     8 ||    30

Table legend: (Time is in decaauts)
 A = Elapsed time spent in this place.
 B = Non-inter-level travel time spent in this place.
 C = Inter-level travel time spent in this place.
 D = Time resting spent in this place.
 E = Time spent auto-exploring this place.
 F = Levels seen in this place.
 G = Mean time per level.
                   A        B        C        D        E       F      G
               +--------+--------+--------+--------+--------+-----+--------+
         Total |   2521 |   2455 |     66 |    178 |   1946 |   3 |  840.3 |
       Dungeon |   2521 |   2455 |     66 |    178 |   1946 |   3 |  840.3 |
               +--------+--------+--------+--------+--------+-----+--------+

Top non-repeatable levels by time:
     D:1: 1367 daAuts
     D:2: 1126 daAuts
     D:3: 27 daAuts
